 Dungeon Crawl Stone Soup version 0.29.1-15-g9cfb28693d (webtiles) character file.

Game seed: 6905840511177056588

1134 devnull the Spear-Bearer (level 8, -7/56 HPs)
             Began as a Merfolk Gladiator on Apr 18, 2023.
             Was a Follower of Zin.
             Killed from afar by a steam dragon (14 damage)
             ... with a ball of steam
             ... on level 6 of the Dungeon.
             The game lasted 00:10:47 (5772 turns).

devnull the Spear-Bearer (Merfolk Gladiator)        Turns: 5772, Time: 00:10:48

Health: -7/56      AC:  4    Str: 13 (16) XL:     8   Next: 36%
Magic:  0/8        EV: 15    Int:  5 (7)  God:    Zin [*.....]
Gold:   301        SH:  0    Dex: 15 (16) Spells: 7/7 levels left

rFire   . . .      SeeInvis +   a - +0 trident
rCold   . . .      Faith    .   (no shield)
rNeg    . . .      Spirit   +   b - +0 leather armour
rPois   .          Reflect  .   c - +0 helmet
rElec   .          Harm     .   (no cloak)
rCorr   .          Rampage  .   (no gloves)
Will    .....                   (no boots)
Stlth   +++.......              i - amulet of guardian spirit
HPRegen 0.18/turn               j - ring of see invisible
MPRegen 0.11/turn               (no ring)

@: no status effects
A: (nimble swimmer 2), mertail
a: Renounce Religion, Recite, Donate Gold


You were on level 6 of the Dungeon.
You worshipped Zin.
Zin was aware of your devotion.
You visited 2 branches of the dungeon, and saw 7 of its levels.

You collected 334 gold pieces.
You donated 33 gold pieces to Zin.

Inventory:

Hand Weapons
 a - a +0 trident (weapon)
Missiles
 d - 4 throwing nets {!f}
 e - a javelin
 n - 20 poisoned darts (quivered)
 r - 4 curare-tipped darts {!f}
Armour
 b - a +0 leather armour (worn)
 c - a +0 helmet (worn)
Jewellery
 g - a ring of fire
 i - an amulet of guardian spirit (around neck)
 j - a ring of see invisible (left hand)
 p - an amulet of faith
Scrolls
 k - a scroll of silence
 s - a scroll of enchant weapon
 u - 2 scrolls of magic mapping {unknown}
 v - a scroll of immolation {unknown}
 w - a scroll of noise {unknown}
 y - a scroll of teleportation {unknown}
 B - a scroll of summoning {unknown}
Potions
 f - 4 potions of attraction {unknown}
 h - 3 potions of heal wounds {unknown}
 l - a potion of invisibility {unknown}
 m - a potion of resistance {unknown}
 o - a potion of flight {unknown}
 q - 2 potions of curing {unknown}
 t - 2 potions of haste {unknown}
 x - 2 potions of cancellation {unknown}
 z - 3 potions of degeneration
 A - 2 potions of lignification {unknown}


   Skills:
 - Level 2.1 Fighting
 + Level 9.8 Polearms
 - Level 2.0 Throwing
 - Level 8.0 Dodging
 - Level 5.0 Stealth


You had 7 spell levels left.
You didn't know any spells.
Your spell library contained the following spells:

 Spells                   Type           Power      Damage    Failure   Level
 Ensorcelled Hibernation  Hex/Ice        0%         N/A       71%         2
 Spider Form              Tmut/Pois      0%         N/A       90%         3
 Anguish                  Hex/Necr       0%         N/A       100%        4


Dungeon Overview and Level Annotations

Branches:
Dungeon (6/15)             Temple (1/1) D:6

Altars:
Ashenzari
Cheibriados
Dithmenos
Elyvilon
Fedhas
Hepliaklqana
Kikubaaqudgha
Makhleb
Qazlal
Ru
Sif Muna
Trog
Uskayaw
Vehumet
Wu Jian
Xom
Yredelemnul
Zin
The Shining One


Innate Abilities, Weirdness & Mutations

((You are very nimble when in or above water. (Stealth+, EV+, Speed+++)))
Your lower body shifts to a powerful aquatic tail in water.


Message History

You are engulfed in a cloud of scalding steam.
The steam dragon closely misses you. The steam dragon misses you.
The steam dragon bites you. The steam dragon barely misses you.
You hit the steam dragon.
The steam dragon is severely wounded.
The steam dragon barely misses you. The steam dragon closely misses you.
You closely miss the steam dragon.
The steam dragon is severely wounded.
The steam dragon bites you! The steam dragon barely misses you.
You closely miss the steam dragon.
The steam dragon is severely wounded.
You barely miss the steam dragon.
The steam dragon is severely wounded.
An orc comes into view. It is wielding a +0 dagger.
An orc warrior comes into view. It is wielding a +0 war axe.
The steam dragon breathes steam at you. The ball of steam misses you.
You hear a shout! x5
An orc comes into view. It is wielding a +3 hand axe.
The steam dragon bites you. The steam dragon claws you.
You hit the steam dragon but do no damage.
The steam dragon is severely wounded.
The steam dragon breathes steam at you. The ball of steam hits you!!
* * * LOW HITPOINT WARNING * * *
You hear a shout!
The steam dragon breathes steam at you. The ball of steam hits you!
* * * LOW HITPOINT WARNING * * *
Okay, then.
Okay, then.
Unknown command.
Okay, then.
Unknown command.
It was a potion of degeneration.
There was something very wrong with that liquid.
You feel weakened.
You feel dopey.
You feel clumsy. The steam dragon breathes steam at you.
The ball of steam hits you!
You die...

#..>.# ... .... #....#
... ... #..#.# ....
... ####....# ...o.
#.# ##.....###
.....#####.####..##.##
#...o..§...##..†..#.#
#.....§...§##..>..#.#
#....§.D§@.##.....#.#
#...=§§§§§§#..#####.#
#.......§.§§.## #.#
#......!§§§.## .#
#.....(....##
......>....#
#.........##
###########


You could see a steam dragon (catching breath) and 2 orcs.

Vanquished Creatures
  A wyvern (D:4)
  A sky beast (D:6)
  A black bear (D:5)
  2 ogres
  A centaur (D:5)
  3 scorpions
  A jelly (D:5)
  A hound (D:4)
  An iguana (D:5)
  3 orc wizards (D:4)
  3 gnolls (D:5)
  9 adders
  A white imp (D:5)
  2 adder zombies (D:3)
  2 adder skeletons (D:3)
  2 worms
  3 dart slugs
  10 orcs
  3 ball pythons (D:2)
  8 bats
  8 endoplasms
  5 giant cockroaches
  9 hobgoblins
  5 jackals (D:2)
  5 quokkas
  A ball python zombie (D:3)
  3 frilled lizards
  5 goblins
  A jackal skeleton (D:3)
  A jackal zombie (D:3)
  5 kobolds
  A quokka zombie (D:3)
  6 rats
113 creatures vanquished.

Vanquished Creatures (others)
  4 plants (D:4)
  4 toadstools (D:1)
  4 withered plants (D:3)
12 creatures vanquished.

Grand Total: 125 creatures vanquished

Notes
Turn   | Place    | Note
-------+----------+-------------------------------------------
     0 | D:1      | devnull the Merfolk Gladiator began the quest for the Orb.
     0 | D:1      | Reached XP level 1. HP: 16/16 MP: 1/1
    52 | D:1      | Reached XP level 2. HP: 22/22 MP: 2/2
   107 | D:1      | Reached skill level 5 in Polearms
   460 | D:2      | Reached XP level 3. HP: 26/27 MP: 3/3
   738 | D:2      | Reached skill level 6 in Polearms
  1065 | D:2      | Found a faded altar of an unknown god.
  1103 | D:2      | Found a broken altar of Ashenzari.
  1225 | D:2      | Reached XP level 4. HP: 23/33 MP: 4/4
  2022 | D:3      | Reached skill level 7 in Polearms
  2515 | D:3      | Reached XP level 5. HP: 38/38 MP: 5/5
  3002 | D:4      | Noticed a wyvern
  3062 | D:4      | Reached skill level 8 in Polearms
  3382 | D:4      | Reached skill level 5 in Dodging
  3418 | D:4      | Reached XP level 6. HP: 42/44 MP: 4/6
  4053 | D:4      | Killed a wyvern
  4054 | D:4      | Reached XP level 7. HP: 39/50 MP: 4/7
  4162 | D:5      | Entered Level 5 of the Dungeon
  4780 | D:5      | Reached skill level 5 in Stealth
  4982 | D:5      | Reached XP level 8. HP: 21/56 MP: 2/8
  5403 | D:5      | Reached skill level 9 in Polearms
  5538 | D:6      | Found a staircase to the Ecumenical Temple.
  5546 | Temple   | Entered the Ecumenical Temple
  5546 | Temple   | Found a transporter.
  5546 | Temple   | Found a transporter.
  5548 | Temple   | Found a transporter.
  5548 | Temple   | Found a transporter.
  5573 | Temple   | Became a worshipper of Zin the Law-Giver
  5573 | Temple   | Reached * piety under Zin
  5772 | D:6      | Killed from afar by a steam dragon

Illustrated notes

Levels and vault maps discovered:
D:1:      ldierk_walled_garden_2, layout_rooms
D:2:      layout_basic, basic_altar, ebering_ecumenical_altar_abandoned
D:3:      layout_basic, serial_undead, serial_undead_a, serial_undead_f,
          serial_undead_f, serial_undead_b
D:4:      layout_cave_pools, guppyfry_early_lair_pool
D:5:      layout_rooms
D:6:      layout_basic, nicolae_overflow_two_pavilions,
          minmay_temple_entry_butterflies
Temple:   hellmonk_temple_divided_pantheon

Skill      XL: |  1  2  3  4  5  6  7  8 |
---------------+-------------------------+-----
Polearms       | 5 6 7 8 9 |  9.8
Dodging        | 5 8 |  8.0
Stealth        | 5 |  5.0
Fighting       | |  2.1
Throwing       | |  2.0

Action                   |  1- 3 |  4- 6 |  7- 9 || total
-------------------------+-------+-------+-------++-------
Melee: Trident           |   108 |   185 |    91 ||   384
       Punch             |       |     1 |     1 ||     2
Throw: Dart              |       |    16 |    34 ||    50
       Javelin           |       |       |     1 ||     1
  Use: Scroll            |       |     2 |       ||     2
       Potion            |       |       |     1 ||     1
 Stab: Sleeping          |     1 |     1 |       ||     2
       Confused          |       |     1 |       ||     1
Armor: Leather armour    |    20 |    30 |    17 ||    67
Dodge: Dodged            |    53 |    96 |    76 ||   225
